 Dungeon Crawl Stone Soup version 0.26.1-16-g4e020e15dc (webtiles) character file.

Game seed: 4563617277956786894

2300 Froggeryz the Slicer (level 9, -10/94 HPs)
             Began as an Octopode Berserker on Jan 31, 2024.
             Was an Elder of Trog.
             Mangled by a manticore (11 damage)
             ... on level 7 of the Dungeon.
             The game lasted 00:05:30 (7468 turns).

Froggeryz the Slicer (Octopode Berserker)           Turns: 7468, Time: 00:05:31

Health: -10/94     AC:  1    Str: 17    XL:     9   Next: 40%
Magic:  9/9        EV: 14    Int:  9    God:    Trog [****..]
Gold:   341        SH:  5    Dex: 14    Spells: 8/8 levels left

rFire    . . .     SeeInvis .   e - +4 short sword
rCold    . . .     Faith    .   t - +0 buckler
rNeg     + . .     Spirit   .   (helmet restricted)
rPois    .         Reflect  .   r - amulet of magic regeneration
rElec    .         Harm     .   l - ring of positive energy
rCorr    .         Rampage  .   (no ring)
Will     ++...                  (no ring)
Stlth    ..........             (no ring)
HPRegen  1.25/turn              (no ring)
MPRegen  0.36/turn              (no ring)
                                (no ring)
                                (no ring)

@: berserking, lethally poisoned (-10 -> -10), barbed spikes, regenerating, very
quick
A: almost no armour, stealthy swim, amphibious, 8 rings, constrict 8, camouflage
1, gelatinous body 1
a: Renounce Religion, Berserk, Trog's Hand, Brothers in Arms


You were on level 7 of the Dungeon.
You worshipped Trog.
Trog was greatly pleased with you.
You visited 1 branch of the dungeon, and saw 7 of its levels.

You collected 341 gold pieces.

Inventory:

Hand Weapons
 e - a +4 short sword (weapon)
 A - a +0 dagger of venom
 B - the cursed +0 flail of Patterns {vorpal, rElec Will+ Stlth+}
   (You took it off an orc wizard on level 6 of the Dungeon)

   It inflicts extra damage upon your enemies.
   It insulates you from electricity.
   It affects your willpower, your defense against some magical effects.
   It makes you more stealthy.
   It has a curse placed upon it.
Missiles
 s - 8 boomerangs
 v - 4 javelins
 C - 4 silver boomerangs
Armour
 t - a +0 buckler (worn)
Jewellery
 l - a ring of positive energy (left tentacle)
 r - an amulet of magic regeneration (around mantle)
Wands
 p - a wand of random effects (15)
Scrolls
 a - 2 scrolls of immolation
 b - 2 scrolls of blinking {unknown}
 c - 6 scrolls of teleportation
 h - a scroll of enchant weapon
 i - 2 scrolls of amnesia {unknown}
 k - a scroll of fog
 m - 2 scrolls of remove curse
 q - a scroll of noise {unknown}
 w - a scroll of magic mapping {unknown}
 x - a scroll of fear
 y - 5 scrolls of identify
Potions
 d - 3 potions of degeneration {unknown}
 f - 4 potions of curing
 g - a potion of heal wounds {unknown}
 j - a potion of berserk rage {unknown}
 n - 2 potions of lignification {unknown}
 o - 2 potions of ambrosia {unknown}
 u - a potion of resistance {unknown}
 z - a potion of attraction {unknown}


   Skills:
 + Level 6.5 Fighting
 * Level 8.9 Short Blades
 - Level 3.0 Dodging
 + Level 1.9 Stealth
 - Level 6.5 Shields


You had 8 spell levels left.
You didn't know any spells.
Your spell library was empty.

Dungeon Overview and Level Annotations

Branches:
Dungeon (7/15)
 Temple: D:4-7

Altars:
Cheibriados
Fedhas
Hepliaklqana
Makhleb
Nemelex Xobeh
Qazlal
Ru
Uskayaw
Vehumet
Wu Jian
Xom


Innate Abilities, Weirdness & Mutations

You cannot wear most types of armour.
You are very stealthy in the water. (Stealth+)
You are amphibious.
You can wear up to eight rings at the same time.
You can use your tentacles to constrict eight enemies at once.
Your skin changes colour to match your surroundings (Stealth+).
Your rubbery body absorbs attacks. (AC +1, EV +1)


Message History

The manticore claws you! The scorpion stings you.
* * * LOW HITPOINT WARNING * * *
You are poisoned.
The scorpion poisons you! The quokka closely misses you.
You puncture the manticore!
The manticore is severely wounded.
You feel sick. The manticore completely misses you. The manticore claws you.
* * * LOW HITPOINT WARNING * * *
The manticore claws you.
* * * LOW HITPOINT WARNING * * *
You barely miss the manticore. You squeeze the manticore.
The manticore is severely wounded.
The quokka barely misses you. The scorpion stings you.
* * * LOW HITPOINT WARNING * * *
You puncture the manticore!
The manticore is almost dead.
You feel sick. The manticore misses you. The manticore claws you!
* * * LOW HITPOINT WARNING * * *
The manticore claws you!
You die...

.............#
##........####
..........####
#####......#
#.####.# # #.#
##.#.#
#.##.....#
#.#r...#
#.@H..(#
#..s....#
..<.......#
###.......##
##.....##
##...## #.##
##


You could see a manticore (fast), a scorpion and a quokka.

Vanquished Creatures
  Grinder (D:6)
  Edmund (D:6)
  3 water moccasins
  Duvessa (D:6)
  A sky beast (D:6)
  An orc warrior (D:7)
  A phantom (D:5)
  2 ogres (D:5)
  A centaur (D:7)
  Dowan (D:6)
  2 scorpions
  A howler monkey (D:4)
  3 centaur skeletons
  An orc priest (D:6)
  Terence (D:3)
  An iguana (D:5)
  6 orc wizards
  5 worker ants
  A worker ant zombie (D:5)
  7 gnolls
  11 adders
  8 river rats (D:5)
  4 worms (D:2)
  3 dart slugs
  5 leopard geckos
  12 orcs
  5 giant cockroaches
  3 goblins
  6 hobgoblins
  9 jackals
  13 quokkas
  2 ball pythons
  11 bats
  A frilled lizard (D:4)
  A jackal skeleton (D:3)
  7 kobolds
  A quokka skeleton (D:6)
  A quokka zombie (D:6)
  34 rats
178 creatures vanquished.

Notes
Turn   | Place    | Note
-------+----------+-------------------------------------------
     0 | D:1      | Froggeryz the Octopode Berserker began the quest for the
                  | Orb.
     0 | D:1      | Reached XP level 1. HP: 16/16 MP: 1/1
   154 | D:1      | Reached XP level 2. HP: 21/21 MP: 2/2
   510 | D:1      | Reached ** piety under Trog
   586 | D:1      | Reached XP level 3. HP: 26/26 MP: 3/3
   647 | D:1      | Reached skill level 4 in Short Blades
  1111 | D:2      | Found a hazy altar of Hepliaklqana.
  1121 | D:2      | Reached XP level 4. HP: 31/32 MP: 4/4
  1712 | D:2      | Reached XP level 5. HP: 37/37 MP: 5/5
  2127 | D:3      | Noticed Terence
  2132 | D:3      | Killed Terence
  2133 | D:3      | Reached skill level 5 in Short Blades
  2424 | D:3      | Found a burning altar of Makhleb.
  2588 | D:3      | Reached *** piety under Trog
  2788 | D:3      | Found a hide-covered altar of Uskayaw.
  2788 | D:3      | Found a stormy altar of Qazlal.
  2791 | D:3      | Found a blossoming altar of Fedhas.
  2791 | D:3      | Found a snail-covered altar of Cheibriados.
  2792 | D:3      | Found a radiant altar of Vehumet.
  2792 | D:3      | Found a sacrificial altar of Ru.
  2792 | D:3      | Found a shimmering altar of Xom.
  2792 | D:3      | Found a sparkling altar of Nemelex Xobeh.
  2983 | D:4      | Reached skill level 1 in Shields
  2983 | D:4      | Reached XP level 6. HP: 25/44 MP: 6/6
  3625 | D:4      | Found an ornate altar of the Wu Jian Council.
  3813 | D:5      | Entered Level 5 of the Dungeon
  3839 | D:5      | Reached skill level 6 in Short Blades
  3847 | D:5      | Reached XP level 7. HP: 33/49 MP: 7/7
  4370 | D:5      | Reached skill level 5 in Fighting
  4789 | D:5      | Reached **** piety under Trog
  4806 | D:5      | Reached XP level 8. HP: 10/55 MP: 8/8
  4807 | D:5      | HP: 2/82 [river rat (8)]
  5139 | D:5      | Reached skill level 7 in Short Blades
  6099 | D:6      | Noticed Duvessa
  6103 | D:6      | Killed Duvessa
  6103 | D:6      | Noticed Dowan
  6104 | D:6      | Noticed Grinder
  6111 | D:6      | Killed Dowan
  6138 | D:6      | Reached skill level 5 in Shields
  6139 | D:6      | Killed Grinder
  6195 | D:6      | Reached skill level 8 in Short Blades
  6350 | D:6      | Reached XP level 9. HP: 53/62 MP: 9/9
  6391 | D:6      | Identified the cursed +0 flail of Patterns {vorpal, rElec
                  | Will+ Stlth+}
  6498 | D:6      | Noticed Edmund
  6512 | D:6      | Killed Edmund
  6868 | D:6      | Found a hazy altar of Hepliaklqana.
  7172 | D:7      | Reached skill level 1 in Stealth
  7457 | D:7      | Noticed a manticore
  7468 | D:7      | HP: 1/94 [manticore (13)]
  7468 | D:7      | Mangled by a manticore

Illustrated notes

Levels and vault maps discovered:
D:1:      tarquinn_simple_flora_water_b, layout_basic
D:2:      layout_loops_corners, nicolae_overflow_crystal_walls
D:3:      layout_basic, grunt_temple_overflow_open, old_standard_altar,
          minivault_27, uniq_terence
D:4:      layout_loops_cross, pdpol_wu_jian_five_deadly_venoms,
          kennysheep_small_square
D:5:      lemuel_ratsnest, layout_basic
D:6:      layout_gridville, amcnicky_altar_gilded, uniq_edmund, uniq_grinder,
          uniq_duvessa
D:7:      minmay_flawed_box, layout_loops_cross,
          minmay_temple_entry_stoned_glass, tgw_sif

Skill      XL: |  1  2  3  4  5  6  7  8  9 |
---------------+----------------------------+-----
Short Blades   | 4 5 6 8 |  8.9
Fighting       | 4 5 6 |  6.5
Shields        | 1 2 4 5 6 |  6.5
Stealth        | 1 |  1.9
Dodging        | |  3.0

Action                   |  1- 3 |  4- 6 |  7- 9 || total
-------------------------+-------+-------+-------++-------
Melee: Short sword       |    51 |   118 |   230 ||   399
       Constrict         |    14 |    26 |    48 ||    88
       Tentacles         |     7 |    22 |    61 ||    90
Invok: Berserk           |       |     1 |     3 ||     4
       Trog's Hand       |       |       |     2 ||     2
Evoke: Wand              |       |       |     1 ||     1
  Use: Scroll            |       |     7 |     1 ||     8
 Stab: Sleeping          |    13 |    11 |     4 ||    28
       Distracted        |       |     1 |     1 ||     2
Armor: Skin              |     3 |     3 |    11 ||    17
Dodge: Dodged            |    33 |    62 |   101 ||   196
Block: Buckler           |       |       |     4 ||     4
